[Event "Early-Titled-Tuesday-Blitz-March-05-2024"]
[Site "Chess.com"]
[Date "2024.03.05"]
[Round "3"]
[White "FairChess_on_YouTube"]
[Black "Evgeny81"]
[Result "1/2-1/2"]
[WhiteElo "3100"]
[BlackElo "2772"]
[TimeControl "180+1"]
[EndTime "8:33:31 PST"]
[Termination "Game drawn by repetition"]

1. Nf3 d5 2. d4 Nf6 3. c4 c6 4. Qc2 g6 5. cxd5 cxd5 6. Bf4 Nc6 7. Nc3 a6 8. e3 Bg7 9. h3 O-O 10. Be2 Bf5 11. Qb3 b5 12. O-O Na5 13. Qb4 Nc6 14. Qb3 Na5 15. Qd1 Rc8 16. Rc1 Ne4 17. Nxe4 Bxe4 18.
b3 Nc6 19. Qd2 Bxf3 20. Bxf3 e6 21. Rc5 Ne7 22. Rfc1 Rxc5 23. Rxc5 Qb6 24. Qc1 Re8 25. Bc7 Qb7 26. Ba5 Rc8 27. Be2 Bf8 28. Rxc8 Qxc8 29.
Qxc8 Nxc8 30. a4 Nd6 31. Kf1 Be7 32. Ke1 Kf8 33. Bb4 Ke8 34. Bxd6 Bxd6 35. axb5 axb5 36. Bxb5+ Ke7 37. f4 f5 38. g4 Kf6 39. Ke2 Bb4 40.
Kf3 Bd2 41. Bd7 Bb4 42. Bc8 Ke7 43. Ke2 Kf6 44. Bd7 Ke7 45. Bb5 Kf6 46. Kf3 Ke7 47.
Bd3 Kf6 48. h4 Be1 49. h5 Bb4 50. g5+ Ke7 51. h6 Kf7 52. Bb5 Ke7 53. Ke2 Kf7 54. Kd3 Ke7 55. Ke2 Kf7 56. Bd3 Ke7 57. Kf3 Kf7 58. Be2 Ke7 59. Kf2 Kf7 60. Bf3 Ke7 61. Ke2 Kf7 62. Kd3 Ke7 63. Bh5 Kf7 64. Be2 Ke7 65. Kc2 Kf7 66. Ba6 Ke7 67. Bb7 Kf7 68.
Bc6 Ke7 69. Kd3 Kf7 70. Ke2 Ke7 71. Kf3 Kf7 72. Bb5 Ke7 73. Bf1 Kf7 74. Bg2 Ke7 75.
Ke2 Kf7 76. Kd3 Ke7 77. Bf3 Kf7 78. Be2 Ke7 79. Bh5 Kf7 80. Bd1 Ke7 81. Bc2 Kf7 82. Ke2 Ke7 83. Bb1 Kf7 84. Ba2 Ke7 85. Bb1 Kf7 86.
Bd3 Ke7 87. Kf2 Kf7 88. Bf1 Ke7 89. Bg2 Kf7 90. Bf3 Ke7 91. Bh5 Kf7 92. Be2 Ke7 93. Bd3 Kf7 94. Bc2 Ke7 95. Ke2 Kf7 96. Bd3 1/2-1/2

[Event "Early-Titled-Tuesday-Blitz-March-05-2024"]
[Site "Chess.com"]
[Date "2024.03.05"]
[Round "3"]
[White "Alenzer"]
[Black "giomar27"]
[Result "1/2-1/2"]
[WhiteElo "2177"]
[BlackElo "2394"]
[TimeControl "180+1"]
[EndTime "8:33:31 PST"]
[Termination "Game drawn - insufficient material"]

1. e4 g6 2. d4 Bg7 3. Nc3 a6 4. Be3 b5 5. a3 d6 6. Qd2 Nd7 7. f4 c5 8. Nf3 Bb7 9. Be2 Ngf6 10. e5 Ng4 11. exd6 exd6 12. dxc5 Nxc5 13. Bd4 O-O 14.
Bxg7 Kxg7 15. h3 Nf6 16. O-O-O Nfe4 17. Qd4+ Qf6 18. Qxf6+ Kxf6 19. Nd5+ Bxd5 20. Rxd5 Ng3 21. Re1 Rfe8 22. Kd1 Nce4 23. Ng5 Nxe2 24. Rxe2 Nxg5 25. fxg5+ Kg7 26. Rxd6 Rxe2 27. Kxe2 Re8+ 28. Kf3 Rc8 29.
c3 Rc5 30. Rxa6 Rf5+ 31. Ke3 Rxg5 32. g4 h5 33. Kf4 Rc5 34. Rb6 Rd5 35. Ke4 Rc5 36.
Kd4 Rc4+ 37. Kd3 hxg4 38. hxg4 Rxg4 39. Rxb5 g5 40. c4 Rg1 41. a4 Kg6 42. a5 g4 43.
a6 Ra1 44. Rb6+ Kg5 45. b4 g3 46. b5 g2 47. Rb8 Ra3+ 48. Ke2 Rg3 49. Rg8+ Kf4 50.
Rxg3 Kxg3 51. a7 g1=Q 52. a8=Q Qh2+ 53. Kd3 Qh7+ 54. Kd4 Qg7+ 55. Kc5 Qe5+ 56. Kb4 Qb2+ 57. Kc5 f5 58. Qb8+ f4 59. Qg8+ Kf2 60. Qf7 f3 61. Qf4 Qa3+ 62. Kc6 Ke2 63. Qe4+ Kf1 64. b6 f2 65. Qh1+ Ke2 66. Qe4+ Kd2 67. Qd4+ Ke1 68.
Qe4+ Kd1 69. Qh1+ Kc2 70. Qf1 Qf3+ 71. Kc7 Qf7+ 72. Kc6 Qe6+ 73. Kc7 Qe7+ 74. Kc6 Qf6+ 75.
Kc7 Qf4+ 76. Kc6 Qe4+ 77. Kc7 Qe5+ 78. Kc6 Qf6+ 79. Kc7 Kb3 80. b7 Qf7+ 81. Kc8 Qxc4+ 82. Qxc4+ Kxc4 83. b8=Q f1=Q 84. Qc7+ Kd5 85. Qd7+ Ke5 86. Qe7+ Kd4 87. Qd6+ Kc3 88. Qc5+ Kb2 89. Qb4+ Ka1 90. Qa3+ Kb1 91. Qb3+ Kc1 92. Qc3+ Kd1 93. Qa1+ Ke2 94.
Qxf1+ Kxf1 1/2-1/2

[Event "Early-Titled-Tuesday-Blitz-March-05-2024"]
[Site "Chess.com"]
[Date "2024.03.05"]
[Round "3"]
[White "Aslanov_Umid"]
[Black "Qvalda"]
[Result "1/2-1/2"]
[WhiteElo "2617"]
[BlackElo "2444"]
[TimeControl "180+1"]
[EndTime "8:33:36 PST"]
[Termination "Game drawn by repetition"]

1. e4 e6 2. d4 d5 3. Nd2 c5 4. exd5 Qxd5 5. Ngf3 cxd4 6. Bc4 Qd6 7. O-O Nf6 8. Nb3 Nc6 9. Nbxd4 Nxd4 10. Nxd4 Be7 11. c3 O-O 12. Qf3 Qc7 13. Bd3 Rd8 14.
Bg5 h6 15. Bh4 Bd7 16. Rad1 Bc6 17. Nxc6 Qxc6 18. Qxc6 bxc6 19. Bg3 Rd5 20. Bc4 Rxd1 21. Rxd1 Nd5 22. Ba6 c5 23. Kf1 Bf6 24. Rd3 Nb6 25. Bb5 Rc8 26. Ke2 c4 27. Rd2 Rc5 28. a4 a6 29. Bxa6 Nxa4 30. Bd6 Rg5 31. Bxc4 Rxg2 32. Bb3 Nxc3+ 33. bxc3 Bxc3 34. Rc2 Bd4 35. Bg3 Rg1 36. Rc8+ Kh7 37. Bc2+ f5 38. Kd3 Bf6 39. Rc6 Re1 40. Kd2 Ra1 41. Rxe6 Kg6 42. Rc6 h5 43. Rc5 h4 44.
Bf4 Kf7 45. Rxf5 Ra2 46. Kc1 Ra1+ 47. Kd2 Rf1 48. Be3 Rh1 49. Bf4 Rf1 50. Bb8 Ra1 51. Rb5 Ke7 52. Rb7+ Ke6 53. Bb3+ Kf5 54. Bc2+ Kg4 55.
Rb3 Ra2 56. h3+ Kh5 57. Kd3 Bg5 58. Bd1+ Kh6 59. Be2 Rd2+ 60. Ke4 Rxe2+ 61. Kf3 Re8 62. Rb6+ g6 63. Bd6 Rd8 64. Bc5 Rc8 65. Bb4 Rc4 66. Rb7 Rf4+ 67. Ke2 Rf6 68. Kf1 Bf4 69. Be7 Re6 70.
Bxh4 g5 71. Bg3 Rf6 72. Kg2 Bxg3 73. Kxg3 Ra6 74. Rb5 Kh5 75. f3 Ra4 76. Rc5 Kh6 77. Rc6+ Kh5 78. Re6 Rb4 79. Rf6 Ra4 80. Rf5 Kg6 81.
Rc5 Rb4 82. Rd5 Ra4 83. Kf2 Rb4 84. Ke3 Rh4 85. Rd6+ Kf5 86. Rd5+ Kf6 87. Rd6+ Kf5 88. Rd5+ Kf6 89. Kf2 Rxh3 90. Kg2 Rh4 91. Rd6+ Kf5 92. Rd5+ Kf6 93. Rd6+ Kf5 94. Rd5+ Kf6 1/2-1/2

[Event "Early-Titled-Tuesday-Blitz-March-05-2024"]
[Site "Chess.com"]
[Date "2024.03.05"]
[Round "3"]
[White "AlexPapasimakopoulos"]
[Black "Njal28"]
[Result "1/2-1/2"]
[WhiteElo "2738"]
[BlackElo "3030"]
[TimeControl "180+1"]
[EndTime "8:33:40 PST"]
[Termination "Game drawn - insufficient material"]

1. d4 Nf6 2. c4 g6 3. Nc3 d5 4.
Nf3 Bg7 5. Bg5 Ne4 6. Bf4 O-O 7. e3 c5 8. cxd5 Bf5 9. Qb3 Nd7 10. Be2 cxd4 11.
exd4 Nb6 12. O-O Nxc3 13. bxc3 Nxd5 14. Be5 Rc8 15. c4 Bxe5 16. cxd5 Bf6 17. Qxb7 Rc2 18. Rfe1 Be4 19. Qxa7 Bxd5 20. Bd3 Bxf3 21. Bxc2 Bxd4 22. Qa3 Bxa1 23. Rxa1 Bd5 24. Bb3 Bb7 25. Re1 e6 26.
Qb4 Qc7 27. Qc4 Qxc4 28. Bxc4 Ra8 29. Rd1 Bc6 30. f3 Kg7 31. Kf2 h5 32. Ke3 Kf6 33. Bb3 h4 34. g3 g5 35. f4 hxg3 36.
hxg3 g4 37. Kd4 Bf3 38. Ra1 Rh8 39. a4 Rh3 40. Rg1 Rh2 41. Kc3 Ke7 42. a5 Kd6 43.
Bd1 Kc5 44. Bxf3 gxf3 45. Rf1 f2 46. Kd3 Rg2 47. Ke2 Rxg3 48. Kxf2 Ra3 49. Rd1 Rxa5 50. Ke3 Kc6 51. Ke4 Rd5 52. Ra1 f5+ 53. Ke3 Kd6 54.
Ra6+ Ke7 55. Ra8 Rb5 56. Kf3 Rb3+ 57. Kf2 Kd6 58. Rd8+ Kc5 59. Ke2 Kc4 60. Rd6 Rb2+ 61. Ke3 Rb1 62. Ke2 Kc5 63. Rxe6 Rb2+ 64. Kf3 Rb3+ 65.
Kf2 Kd4 66. Re5 Ra3 67. Ke2 Rh3 68. Kf2 Ra3 69. Kg2 Rb3 70. Rxf5 Ke4 71. Rf8 Rc3 72.
f5 Ke5 73. f6 Ke6 74. Kf2 Rc5 75. Kg3 Rf5 76. f7 Ke7 77. Re8+ Kxf7 78. Re4 Ra5 79. Rf4+ Kg6 80. Rf3 Kg5 81. Rb3 Rd5 82. Rc3 Re5 83.
Rd3 Rc5 84. Rb3 Rc1 85. Kf3 Rh1 86. Rb5+ Kf6 87. Rb6+ Ke7 88. Rb7+ Kd6 89. Rb6+ Kd5 90. Rb5+ Kc4 91. Rg5 Kd4 92. Rg4+ Ke5 93. Re4+ Kd6 94.
Rd4+ Kc6 95. Rd2 Kb5 96. Rc2 Ka4 97. Rb2 Ka3 98. Rb8 Ka2 99. Ke3 Rb1 100. Ra8+ Kb2 101.
Rb8+ Kc1 102. Rxb1+ Kxb1 1/2-1/2

[Event "Early-Titled-Tuesday-Blitz-March-05-2024"]
[Site "Chess.com"]
[Date "2024.03.05"]
[Round "3"]
[White "AradNazari"]
[Black "Dacean99"]
[Result "1-0"]
[WhiteElo "2853"]
[BlackElo "2566"]
[TimeControl "180+1"]
[EndTime "8:33:40 PST"]
[Termination "AradNazari won by resignation"]

1. e4 c5 2. Nf3 d6 3. d4 cxd4 4. Nxd4 Nf6 5. Nc3 a6 6. Bg5 e6 7. f4 Be7 8. e5 dxe5 9. fxe5 Nd5 10. Bxe7 Qxe7 11. Nf5 exf5 12. Nxd5 Qxe5+ 13. Qe2 Qxe2+ 14. Bxe2 O-O 15. Nb6 Ra7 16. O-O-O Be6 17. Bf3 Nc6 18. Rhe1 a5 19. c4 a4 20. Bxc6 bxc6 21. Rd6 Rb8 22. Rxc6 Ra6 23. c5 Bxa2 24. Re3 g6 25. g3 Kg7 26. Rc7 Rbxb6 27. cxb6 Rxb6 28. Rc5 Bb3 29. Kd2 Rd6+ 30. Rd3 Re6 31. Re3 Rd6+ 32. Kc3 Rd1 33. Re2 Kf6 34. Rd2 Rc1+ 35. Kd4 Rxc5 36. Kxc5 g5 37. Kd4 Kg6 38. Re2 h6 39. Re8 Kf6 40. Ra8 Kg6 41. Ra6+ Kh5 42. Ke5 Kg4 43. Rxh6 f4 44.
gxf4 gxf4 45. Rf6 f3 46. Kd4 Kh3 47. Ke3 Kxh2 48. Kxf3 Bd5+ 49. Kf2 Kh3 50. Rf5 Bb3 51. Rf4 Bd1 52. Rd4 Bb3 53. Re4 Bc2 54. Rb4 Bb3 55. Rd4 Bc2 56. Kf3 Bb3 57. Rd6 Kh4 58. Kf4 Kh5 59.
Rf6 Be6 60. Kf3 Kg5 61. Rf4 Bd5+ 62. Ke3 Bb3 63. Rb4 f5 64. Kf3 Kf6 65. Kf4 Bc2 66.
Rb5 Ke6 67. Rc5 Be4 68. Re5+ Kd6 69. Ra5 Bc2 70. Rb5 Kc6 71. Rb8 Kd5 72. Rc8 Be4 73. Rc3 Kd4 74. Rc7 Bd3 75. Kf3 Be4+ 76. Kf2 Bd3 77.
Ke1 Be4 78. Kd2 Ke5 79. Rc5+ Kf4 80. Ra5 Kg3 81. Rxa4 Bg2 82. Ra7 Bf3 83. Rg7+ Bg4 84. Ke1 f4 85. b4 Kf3 86. b5 Bf5 87. b6 Ke3 88. Re7+ Be4 89. Rxe4+ Kxe4 90. b7 Kf3 91.
b8=Q Kg2 92. Qxf4 1-0

[Event "Early-Titled-Tuesday-Blitz-March-05-2024"]
[Site "Chess.com"]
[Date "2024.03.05"]
[Round "3"]
[White "Muracle"]
[Black "MyDream003"]
[Result "0-1"]
[WhiteElo "2505"]
[BlackElo "2761"]
[TimeControl "180+1"]
[EndTime "8:33:40 PST"]
[Termination "MyDream003 won on time"]

1. Nf3 Nf6 2. b3 g6 3. Bb2 Bg7 4. g3 b6 5. Bg2 Bb7 6. O-O O-O 7. c4 c5 8. d3 d6 9. Nbd2 Nbd7 10. Qc2 Qc7 11. e4 e6 12. Rfd1 Rfe8 13. Nf1 Ne5 14.
Nxe5 dxe5 15. Nd2 Rad8 16. Nf3 Nd7 17. h3 Nb8 18. Qe2 Nc6 19. Rd2 Rd7 20. Qe3 Red8 21. Rad1 Rd6 22. Kh2 Qe7 23. Bc3 h6 24. a3 a5 25. Bf1 Kh7 26. h4 R6d7 27. Bh3 Rd6 28.
Bf1 f5 29. Bh3 Rf8 30. exf5 exf5 31. h5 g5 32. g4 Nd4 33. Bxd4 cxd4 34. Qe2 e4 35.
gxf5 Qc7 36. dxe4 Bxe4 37. Kg1 Bxf5 38. Bxf5+ Rxf5 39. Qe4 Qf7 40. Nxd4 Bxd4 41. Rxd4 Rxd4 42. Rxd4 Kg7 43. Qc6 Rf6 44. Qc8 Qxh5 45. Rd7+ Rf7 46. Rxf7+ Qxf7 47. Qc6 Qf6 48. Qd5 Qa1+ 49. Kg2 Qf6 50.
b4 axb4 51. axb4 g4 52. c5 bxc5 53. bxc5 Kf8 54. c6 Qf4 55. Qc5+ Kg7 56. Qe7+ Kg6 57. Qe6+ Kg5 58. Qe7+ Kg6 59. Qe8+ Kg7 60. Qd7+ Kg6 61. Qe6+ Kg7 62. Qe7+ Kg8 63. Qd8+ Kf7 64. Qd7+ Kf6 65.
c7 Qf3+ 66. Kf1 Qh1+ 67. Ke2 Qe4+ 68. Kd2 Qb4+ 69. Kd3 Qb3+ 70. Ke4 Qc2+ 71. Kd5 Qd3+ 72. Kc6 Qf3+ 73. Kb6 Qb3+ 74. Ka7 Qa3+ 75. Kb8 Qb4+ 76. Kc8 h5 77. Qc6+ Ke7 78. Qe4+ Qxe4 79. Kb8 Qb4+ 80. Ka7 Kd7 0-1

[Event "Early-Titled-Tuesday-Blitz-March-05-2024"]
[Site "Chess.com"]
[Date "2024.03.05"]
[Round "3"]
[White "Susal_De_Silva"]
[Black "maciek_92"]
[Result "0-1"]
[WhiteElo "2653"]
[BlackElo "2876"]
[TimeControl "180+1"]
[EndTime "8:33:44 PST"]
[Termination "maciek_92 won by resignation"]

1. e4 c5 2. Nf3 e6 3. d4 cxd4 4. Nxd4 Nc6 5. Be2 Nf6 6. Nc3 Bb4 7. O-O Bxc3 8. bxc3 Nxe4 9. Bd3 Nf6 10. Ba3 Nxd4 11.
cxd4 d6 12. Qf3 O-O 13. Rfe1 Qc7 14. c4 Rd8 15. Qf4 b5 16. c5 Qa5 17. Qf3 Bb7 18.
Qh3 dxc5 19. Bxc5 Rd5 20. Re3 h6 21. Qh4 Rg5 22. Rg3 Rxg3 23. Qxg3 Qd2 24. h3 Qg5 25. Qxg5 hxg5 26. Bxb5 Ne4 27. Rc1 Bd5 28. a4 Nd2 29.
Be2 Nb3 30. Rc3 a5 31. Bc4 Bxc4 32. Rxc4 Rb8 33. Bd6 Rb6 34. Bc7 Rb7 35. Bd8 f6 36. Rc6 Nxd4 37. Rc8 Kh7 38. Bxa5 Rb1+ 39. Kh2 Ra1 40.
Bb6 Rxa4 41. Bxd4 Rxd4 42. Rc6 e5 43. f3 Rd2 44. Rc4 Kg6 45. Kg3 Kh5 46. Rc7 Kg6 47.
Rb7 Rd6 48. Ra7 f5 49. Ra5 Kf6 50. Ra7 Re6 51. Ra5 Rc6 52. Rb5 Kg6 53. Ra5 Kf6 54.
Rb5 Re6 55. Ra5 e4 56. fxe4 Rxe4 57. Ra3 Kg6 58. Ra6+ Kh5 59. Ra5 Re3+ 60. Kf2 f4 61. Ra7 Kh6 62. Ra6+ Kh5 63. Ra7 Kg6 64. Ra6+ Kf5 65.
Ra5+ Re5 66. Ra7 Kg6 67. Ra6+ Kh5 68. Ra7 Kh6 69. Ra6+ g6 70. Ra2 Rb5 71. Rc2 g4 72. hxg4 Kg5 73. Rd2 Kxg4 74. Rc2 g5 75. Rd2 Rb3 76.
Rc2 Kh4 77. Rd2 g4 78. Rc2 Ra3 79. Rb2 Rd3 80. Ke2 Ra3 81. Kf2 Ra1 82. Rc2 g3+ 83.
Ke2 Rg1 84. Kd3 Kg4 85. Rf2 gxf2 0-1

[Event "Early-Titled-Tuesday-Blitz-March-05-2024"]
[Site "Chess.com"]
[Date "2024.03.05"]
[Round "3"]
[White "awesomevishesh"]
[Black "LiamPutnam2008"]
[Result "1-0"]
[WhiteElo "2633"]
[BlackElo "2900"]
[TimeControl "180+1"]
[EndTime "8:34:07 PST"]
[Termination "awesomevishesh won by checkmate"]

1. e4 c5 2. Nf3 d6 3. Bb5+ Bd7 4.
Bxd7+ Nxd7 5. O-O Ngf6 6. Qe2 e6 7. c3 Be7 8. d4 cxd4 9. cxd4 d5 10. e5 Ne4 11. Nbd2 Nxd2 12. Bxd2 O-O 13. Rac1 Qb6 14. Be3 Rac8 15. Rxc8 Rxc8 16. Rc1 Rc6 17. g3 Qa5 18. b3 h6 19. h4 Ba3 20. Rc2 Qc7 21. Ne1 Bb4 22.
Rxc6 bxc6 23. Nd3 Bf8 24. Qc2 c5 25. dxc5 Nxe5 26. Nxe5 Qxe5 27. c6 Qc7 28. Bf4 Qc8 29. c7 f6 30. Qc6 Kf7 31. Be3 a6 32. Qb6 Ke8 33. Qc6+ Kf7 34. b4 Bxb4 35. Qb6 Ke8 36. Qxb4 Qxc7 37. Bc5 Kf7 38. a4 e5 39. a5 d4 40. Qb6 Qc8 41. Qa7+ Kg6 42. Qb6 d3 43.
Be3 Qc4 44. Qd8 Qb5 45. Kh2 Qc4 46. Qd7 e4 47. Qe8+ Kh7 48. Qd7 Kg6 49. Qe8+ Kh7 50. h5 Qd5 51. Qg6+ Kg8 52. Qg4 f5 53. Qd1 Qf7 54. Kg2 Kh7 55. Bf4 Qc4 56. Be3 Qd5 57.
Qd2 Qf7 58. Qc3 Qxh5 59. Qe5 Qf3+ 60. Kg1 h5 61. Qd4 Qd1+ 62. Kh2 Qg4 63. Kg2 h4 64. Kh2 hxg3+ 65. fxg3 Qe2+ 66. Kh3 Qg4+ 67. Kg2 Qh5 68. Kf2 Qe2+ 69. Kg1 Kg6 70. Qd6+ Kh5 71. Qf4 Qd1+ 72.
Kh2 Qg4 73. Qe5 Qe2+ 74. Kh3 Qf1+ 75. Kh2 Qe2+ 76. Kh3 Qg4+ 77. Kh2 Kg6 78. Qd6+ Kh7 79. Qd4 Qh5+ 80. Kg2 Qf7 81. Kh2 Qe6 82. Kg2 Kg6 83.
Kh2 Kf7 84. Kg2 Qf6 85. Qd7+ Kg8 86. Qe8+ Qf8 87. Qe6+ Qf7 88. Qc8+ Kh7 89. Qxa6 Qa2+ 90. Kh3 Qe2 91. Qb6 d2 92. Bxd2 Qxd2 93. a6 e3 94. a7 e2 95. a8=Q e1=Q 96. Qf3 Qh6+ 97. Qxh6+ Kxh6 98. Qxf5 Qh1+ 99. Kg4 Qd1+ 100. Kh3 Qh1+ 101. Kg4 Qc6 102. Qh5# 1-0

[Event "Early-Titled-Tuesday-Blitz-March-05-2024"]
[Site "Chess.com"]
[Date "2024.03.05"]
[Round "3"]
[White "luckyswitchback"]
[Black "xxysoul6"]
[Result "0-1"]
[WhiteElo "2680"]
[BlackElo "2915"]
[TimeControl "180+1"]
[EndTime "8:34:25 PST"]
[Termination "xxysoul6 won by resignation"]

1. e4 e5 2. Nf3 Nf6 3. Nxe5 d6 4. Nf3 Nxe4 5. d3 Nf6 6. d4 Be7 7. Bd3 O-O 8. O-O b6 9. c4 Bb7 10. d5 Re8 11. Nc3 Nbd7 12. Re1 g6 13. b3 Bf8 14. Rxe8 Qxe8 15. Bb2 Bg7 16. Qd2 c6 17. Re1 Qf8 18. Bf1 cxd5 19. cxd5 Re8 20. Rxe8 Qxe8 21. Bb5 a6 22. Bc6 Qc8 23. Bxb7 Qxb7 24. h3 b5 25. Qd3 Nb6 26. Qe3 h5 27. Qf4 Qe7 28. Qd4 Nfd7 29. Qd2 Nc5 30. Ba3 Bxc3 31. Qxc3 Nxd5 32. Qd4 Nf6 33. Bb2 Ncd7 34. Qa7 Qe2 35. Bxf6 Nxf6 36. Qxa6 Ne4 37. Qa7 Qd1+ 38. Kh2 Qc2 39. Kg1 Qc1+ 40. Kh2 Qc2 41. Kg1 b4 42. Qe3 d5 43. Qa7 Qc1+ 44.
Kh2 Qb2 45. Kg1 Qc2 46. Qa8+ Kg7 47. Qa7 Qd1+ 48. Kh2 Kg8 49. Qa8+ Kh7 50. Qa7 Kg8 51.
Qa8+ Kg7 52. Qa7 Qd2 53. Kg1 Nc3 54. Qd4+ Qxd4 55. Nxd4 Nxa2 56. f4 h4 57. Kf2 Kf6 58.
Ke3 Ke7 59. Nc2 Kd6 60. Kd4 Nc1 61. Nxb4 Nxb3+ 62. Kd3 Nc5+ 63. Kd4 Ne6+ 64. Ke3 f6 65. Nd3 Ng7 66. Kf3 Nf5 67. Nf2 Kc5 68. Ng4 Nd4+ 69. Ke3 Nf5+ 70. Kf3 d4 71. Nxf6 d3 72. Kf2 Kd4 73. Ke1 Ke3 74. Nd5+ Ke4 75. Nb4 Ne3 76. Kd2 Nf1+ 77. Ke1 Ne3 78. Kd2 Nxg2 79. Nxd3 Nxf4 80. Nc5+ Kf3 81. Ke1 Nxh3 82. Kf1 g5 83. Nd3 Nf4 84.
Ne1+ Kg3 85. Kg1 g4 86. Nc2 h3 87. Ne3 Ne2+ 88. Kh1 Kf3 89. Nf1 g3 90. Nxg3 Nxg3+ 91. Kh2 Kg4 92. Kg1 Nh5 93. Kh2 Kh4 94. Kg1 Kg3 95.
Kh1 Nf6 96. Kg1 Ng4 97. Kh1 Nf2+ 0-1

[Event "Early-Titled-Tuesday-Blitz-March-05-2024"]
[Site "Chess.com"]
[Date "2024.03.05"]
[Round "4"]
[White "giomar27"]
[Black "miraitrunks"]
[Result "1-0"]
[WhiteElo "2398"]
[BlackElo "2172"]
[TimeControl "180+1"]
[EndTime "8:37:02 PST"]
[Termination "giomar27 won by resignation"]

1. f3 e5 2. Nh3 Nf6 3. Nf2 d5 4. g3 Bc5 5. e3 O-O 6. Bg2 Bf5 7. O-O h5 8. Nc3 d4 9. Na4 Be7 10. e4 Be6 11. b3 Qd7 12. d3 Nc6 13. h3 a6 14. f4 exf4 15. gxf4 g6 16. f5 gxf5 17. Bh6 Rfe8 18. Kh1 Kh7 19. Bg5 Rh8 20. exf5 Bxf5 21. Bxf6 Bxf6 22. Ne4 1-0

[Event "Early-Titled-Tuesday-Blitz-March-05-2024"]
[Site "Chess.com"]
[Date "2024.03.05"]
[Round "4"]
[White "The_Straightforward_Rook"]
[Black "invisible_s0ul"]
[Result "1-0"]
[WhiteElo "2461"]
[BlackElo "2227"]
[TimeControl "180+1"]
[EndTime "8:37:13 PST"]
[Termination "The_Straightforward_Rook won by resignation"]

1. Nf3 d5 2. d4 Nf6 3. e3 e6 4. Bd3 c5 5. c3 Nc6 6. O-O Bd6 7. dxc5 Bxc5 8. b4 Bd6 9. b5 Ne5 10.
Nxe5 Bxe5 11. Ba3 Qc7 12. h3 Nd7 13. Nd2 Qxc3 14. Nb3 Bb8 15. Rc1 Bh2+ 16. Kxh2 Qe5+ 17. Kg1 1-0

[Event "Early-Titled-Tuesday-Blitz-March-05-2024"]
[Site "Chess.com"]
[Date "2024.03.05"]
[Round "4"]
[White "viktorgen2021"]
[Black "Ducke13"]
[Result "0-1"]
[WhiteElo "2505"]
[BlackElo "2360"]
[TimeControl "180+1"]
[EndTime "8:37:32 PST"]
[Termination "Ducke13 won by resignation"]

1. d4 Nf6 2. Nf3 g6 3. g3 Bg7 4. Bg2 c5 5. d5 b5 6. c4 d6 7. cxb5 a6 8. bxa6 O-O 9. O-O Nxa6 10. Nc3 Bf5 11. Nd2 Nb4 12. e4 Bg4 13. f3 Bc8 14. a3 Nd3 15. Nb3 Ba6 16. Qc2 Nd7 17. Rd1 c4 18. Nd2 Qb6+ 19. Kh1 Nf2+ 0-1

[Event "Early-Titled-Tuesday-Blitz-March-05-2024"]
[Site "Chess.com"]
[Date "2024.03.05"]
[Round "4"]
[White "LikeWater"]
[Black "Ykow"]
[Result "1-0"]
[WhiteElo "2698"]
[BlackElo "2516"]
[TimeControl "180+1"]
[EndTime "8:37:51 PST"]
[Termination "LikeWater won by resignation"]

1. e4 c5 2. Nf3 a6 3. g3 b5 4. d4 cxd4 5. Nxd4 Bb7 6. Bg2 Nf6 7.
O-O Bxe4 8. Bxe4 Nxe4 9. Re1 d5 10. a4 b4 11. c4 bxc3 12. Nxc3 Nxc3 13. bxc3 e6 14.
Qh5 g6 15. Qe5 Rg8 16. Nxe6 fxe6 17. Qxe6+ Qe7 18. Qc8+ Kf7 19. Rxe7+ Bxe7 20. Qb7 1-0

[Event "Early-Titled-Tuesday-Blitz-March-05-2024"]
[Site "Chess.com"]
[Date "2024.03.05"]
[Round "4"]
[White "jimmy-schlumpf"]
[Black "Road2GM3000"]
[Result "0-1"]
[WhiteElo "2321"]
[BlackElo "2507"]
[TimeControl "180+1"]
[EndTime "8:38:08 PST"]
[Termination "Road2GM3000 won by resignation"]

1. d4 d5 2. Nf3 c6 3. c4 Nf6 4.
Qb3 a6 5. c5 Nbd7 6. Bf4 g6 7.
Nc3 Nh5 8. Bg5 h6 9. Bh4 Bg7 10. e3 O-O 11. Be2 e5 12. O-O g5 13.
Bg3 Nxg3 14. hxg3 e4 15. Nd2 f5 16. Qc2 Nf6 17. b4 Qc7 18. a4 f4 19. gxf4 gxf4 20. b5 fxe3 21. fxe3 Qg3 22. Rf2 Qxe3 23. Nf1 Qxd4 24.
Rd1 Qxc5 25. bxc6 bxc6 26. Qb3 Ng4 27. Bxg4 Qxf2+ 28. Kh1 Bxg4 29. Nxe4 Qh4+ 0-1

[Event "Early-Titled-Tuesday-Blitz-March-05-2024"]
[Site "Chess.com"]
[Date "2024.03.05"]
[Round "4"]
[White "twofoxniel"]
[Black "Khromkin"]
[Result "0-1"]
[WhiteElo "2565"]
[BlackElo "2420"]
[TimeControl "180+1"]
[EndTime "8:38:17 PST"]
[Termination "Khromkin won by resignation"]

1. e4 c5 2. d4 cxd4 3. c3 d5 4. exd5 Qxd5 5. cxd4 Nc6 6. Nf3 Bg4 7. Nc3 Bxf3 8. gxf3 Qxd4 9. Qxd4 Nxd4 10. Nb5 Nc2+ 11. Kd1 Nxa1 12. Nc7+ Kd7 13. Nxa8 g6 14. Be3 Bh6 15.
Bxa7 Nf6 16. Nb6+ Kc6 17. Bd3 Rd8 18. Ke2 Nh5 19. Be4+ Kb5 20. Rxa1 Ka6 21. Nd5 Kxa7 22. Rd1 f5 0-1

[Event "Early-Titled-Tuesday-Blitz-March-05-2024"]
[Site "Chess.com"]
[Date "2024.03.05"]
[Round "4"]
[White "Chopper1905"]
[Black "unagi64"]
[Result "1-0"]
[WhiteElo "2945"]
[BlackElo "2612"]
[TimeControl "180+1"]
[EndTime "8:38:19 PST"]
[Termination "Chopper1905 won by resignation"]

1. Nf3 Nf6 2. c4 g6 3. Nc3 Bg7 4. e4 d6 5. d4 O-O 6. Bd3 Nc6 7. d5 Nb4 8. Bb1 a5 9. O-O Na6 10. h3 e5 11. Bc2 Nh5 12. a3 Bd7 13. Rb1 f5 14. exf5 Bxf5 15. Bxf5 Rxf5 16. g4 e4 17.
Nxe4 Rf4 18. Neg5 Qf6 19. gxh5 Qf5 1-0

[Event "Early-Titled-Tuesday-Blitz-March-05-2024"]
[Site "Chess.com"]
[Date "2024.03.05"]
[Round "4"]
[White "Titus369"]
[Black "Bkmzzzzz"]
[Result "1-0"]
[WhiteElo "2643"]
[BlackElo "2435"]
[TimeControl "180+1"]
[EndTime "8:38:22 PST"]
[Termination "Titus369 won by resignation"]

1. e4 d6 2. d4 Nf6 3. Nc3 e5 4. Nf3 Nbd7 5. g4 Nxg4 6. Rg1 Ngf6 7. Bc4 exd4 8. Qxd4 Nb6 9. e5 dxe5 10. Bxf7+ Ke7 11.
Qxd8+ Kxd8 12. Nxe5 Bf5 13. Bf4 Bxc2 14. Rc1 Bf5 15.
Rd1+ Kc8 16. Bb3 Bg6 17. Be6+ 1-0

[Event "Early-Titled-Tuesday-Blitz-March-05-2024"]
[Site "Chess.com"]
[Date "2024.03.05"]
[Round "4"]
[White "MikeSailer"]
[Black "alvarorodriguezavila"]
[Result "0-1"]
[WhiteElo "2167"]
[BlackElo "2343"]
[TimeControl "180+1"]
[EndTime "8:38:37 PST"]
[Termination "alvarorodriguezavila won by resignation"]

1. d4 Nf6 2. Nf3 Nc6 3. Bf4 d5 4. e3 Bf5 5. Be2 e6 6. O-O Bd6 7. c3 O-O 8. Nbd2 Re8 9. Ne5 Bxe5 10. dxe5 Nd7 11. Nf3 Bg4 12. Nd4 Bxe2 13. Nxc6 Bxd1 14.
Nxd8 Be2 15. Nxb7 Bxf1 16. Kxf1 a5 17. b4 axb4 18. cxb4 Reb8 19. Nc5 Nxc5 20. bxc5 Rb2 21. a3 Ra5 0-1

[Event "Early-Titled-Tuesday-Blitz-March-05-2024"]
[Site "Chess.com"]
[Date "2024.03.05"]
[Round "4"]
[White "viniciusrego"]
[Black "Mikasinski"]
[Result "0-1"]
[WhiteElo "2376"]
[BlackElo "2626"]
[TimeControl "180+1"]
[EndTime "8:38:39 PST"]
[Termination "Mikasinski won by resignation"]

1. Nf3 Nf6 2. c4 e6 3. g3 Be7 4. Bg2 O-O 5. O-O d5 6. b3 b6 7. Bb2 Bb7 8. d4 Ne4 9. Nbd2 f5 10. Ne5 Nd7 11. Ndf3 Ndf6 12. Rc1 c5 13. cxd5 exd5 14.
dxc5 bxc5 15. Nd3 Rc8 16. Nf4 Qd6 17. h4 d4 18. Ng5 Ng4 19. Nxe4 Bxe4 20. Bxe4 fxe4 21.
e3 Ne5 22. exd4 Nf3+ 23. Kh1 Rxf4 24. dxc5 Rxh4+ 0-1

[Event "Early-Titled-Tuesday-Blitz-March-05-2024"]
[Site "Chess.com"]
[Date "2024.03.05"]
[Round "4"]
[White "klercaku"]
[Black "diamonds13"]
[Result "1-0"]
[WhiteElo "2187"]
[BlackElo "2346"]
[TimeControl "180+1"]
[EndTime "8:38:46 PST"]
[Termination "klercaku won by resignation"]

1. e4 c5 2. Nf3 Nc6 3. d4 cxd4 4.
Nxd4 Nf6 5. Nc3 e5 6. Ndb5 d6 7. Bg5 a6 8. Na3 b5 9. Nd5 Be7 10. Bxf6 Bxf6 11. c3 Bg5 12. Nc2 Ne7 13. Nce3 Bb7 14.
Nxe7 Bxe3 15. Nd5 Ba7 16. Be2 O-O 17. O-O Qg5 18. Qd3 f5 19. Bf3 g6 20. Nc7 Rf6 21. Nxa8 Bxa8 22. exf5 Bxf3 23. Qxf3 Rxf5 24. Qa8+ 1-0

[Event "Early-Titled-Tuesday-Blitz-March-05-2024"]
[Site "Chess.com"]
[Date "2024.03.05"]
[Round "4"]
[White "UnTucopalaTimba"]
[Black "AsselLesbekova"]
[Result "1-0"]
[WhiteElo "2005"]
[BlackElo "2273"]
[TimeControl "180+1"]
[EndTime "8:38:50 PST"]
[Termination "UnTucopalaTimba won by resignation"]

1. e4 c5 2. Nf3 Nc6 3. d4 cxd4 4. Nxd4 Qb6 5. Nxc6 dxc6 6. Nc3 e5 7. Bc4 Nf6 8.
O-O Bc5 9. Na4 Qb4 10. Nxc5 Qxc4 11. Nd3 Bg4 12. f3 Qd4+ 13. Kh1 Be6 14. Bg5 O-O-O 15. Qe1 h6 16. Be3 Qd6 17. Bxa7 Bc4 18. Rd1 Bxd3 19. Rxd3 Qc7 20. Be3 g5 21. Qc3 Rxd3 22.
cxd3 g4 23. f4 Nd7 24. fxe5 Nxe5 25. Bf4 f6 26. d4 Qb6 27. dxe5 Qa6 28. Rc1 fxe5 29.
Qxe5 1-0